 Dungeon Crawl Stone Soup version 0.30-a0-424-g7412bad402 (webtiles) character file.

Game seed: 8769435406193211140

2494 Pooter the Cleaver (level 9, -2/81 HPs)
             Began as a Minotaur Berserker on Dec 9, 2022.
             Was a Priest of Trog.
             Killed by an exploding gnoll bouda (6 damage)
             ... ignited by their inner flame
             ... in a bailey.
             The game lasted 00:30:08 (5558 turns).

Pooter the Cleaver (Minotaur Berserker)             Turns: 5558, Time: 00:30:08

Health: -2/81      AC: 11    Str: 29    XL:     9   Next: 28%
Magic:  8/8        EV:  9    Int:  4    God:    Trog [***...]
Gold:   391        SH:  5    Dex: 13    Spells: 8/8 levels left

rFire   + + .      SeeInvis .    a - +1 halberd (vamp)
rCold   . . .      Faith    .    (shield currently unavailable)
rNeg    . . .      Spirit   .    g - +0 chain mail
rPois   .          Reflect  +    (helmet restricted)
rElec   .          Harm     .    (no cloak)
rCorr   .          Rampage  .    (no gloves)
Will    ++...                    A - +2 pair of boots "Voham" {rF+}
Stlth   ..........               C - amulet of reflection
HPRegen 1.33/turn                F - ring of protection from fire
MPRegen 0.11/turn                E - +6 ring of strength

@: weakened, strong-willed, on berserk cooldown, regenerating
A: horns 2, retaliatory headbutt
a: Renounce Religion, Berserk, Trog's Hand


You were in a bailey.
You worshipped Trog.
Trog was most pleased with you.
You visited 1 branch of the dungeon, and saw 7 of its levels.
You also visited: Bailey.

You collected 391 gold pieces.

Inventory:

Hand Weapons
 a - a +1 vampiric halberd (weapon)
   (You took it off an orc warrior on level 6 of the Dungeon)
 b - a +0 shortbow
   (You took it off a centaur on level 5 of the Dungeon)
 i - a +1 flail of draining
   (You found it on level 7 of the Dungeon)
 l - a +0 halberd
   (You took it off a gnoll on level 2 of the Dungeon)
 s - a +0 hand axe
 G - a +0 sling
   (You took it off a goblin on level 4 of the Dungeon)
 L - a +0 trident
   (You found it on level 2 of the Dungeon)
Missiles
 k - 3 boomerangs of dispersal {!f}
 o - 4 datura-tipped darts
 u - 8 poisoned darts
 O - a throwing net {!f}
 Q - 48 stones (quivered)
Armour
 g - a +0 chain mail (worn)
   (You found it on level 1 of the Dungeon)
 A - the +2 pair of boots "Voham" (worn) {rF+}
   (You found it on level 6 of the Dungeon)

   rF:        It protects you from fire.
Jewellery
 h - a ring of ice
   (You found it on level 1 of the Dungeon)
 C - an amulet of reflection (around neck)
   (You found it on level 4 of the Dungeon)
 E - a +6 ring of strength (right hand)
   (You found it on level 4 of the Dungeon)
 F - a ring of protection from fire (left hand)
   (You found it on level 5 of the Dungeon)
 N - a ring of positive energy
   (You found it on level 2 of the Dungeon)
Wands
 J - a wand of roots (1)
   (You took it off Pikel on level 6 of the Dungeon)
 K - a wand of mindburst (12)
   (You found it on level 7 of the Dungeon)
Scrolls
 d - a scroll of poison {unknown}
 j - 2 scrolls of butterflies
 m - a scroll of summoning
 n - a scroll of acquirement {unknown}
 r - a scroll of immolation {!r}
 w - 2 scrolls of enchant armour
 B - a scroll of torment {unknown}
 D - 2 scrolls of enchant weapon {unknown}
 H - a scroll of silence {unknown}
 I - 2 scrolls of vulnerability {unknown}
 M - a scroll of magic mapping {unknown}
Potions
 c - a potion of flight {unknown}
 e - a potion of cancellation {unknown}
 f - a potion of berserk rage {unknown}
 p - a potion of might {unknown}
 q - 5 potions of curing {@q1}
 t - a potion of magic {unknown}
 v - 2 potions of resistance
 x - 3 potions of attraction {!q}
 y - 3 potions of degeneration {unknown}
 z - a potion of heal wounds {unknown}


   Skills:
 + Level 8.3 Fighting
 * Level 11.1 Axes
 + Level 5.1 Ranged Weapons
 - Level 2.4 Armour
 - Level 2.1 Dodging
 + Level 3.6 Evocations


You had 8 spell levels left.
You didn't know any spells.
Your spell library was empty.

Dungeon Overview and Level Annotations

Branches:
Dungeon (7/15)             Temple (0/1) D:6          Bailey (1/1)

Altars:
Cheibriados
Nemelex Xobeh
Ru
Yredelemnul


Innate Abilities, Weirdness & Mutations

You have a pair of horns on your head.
You reflexively headbutt those who attack you in melee.


Message History

* * * LOW HITPOINT WARNING * * *
The gnoll bouda hits you with a +0 trident.
* * * LOW HITPOINT WARNING * * *
Aim: a gnoll bouda, wielding a +0 halberd and wearing a +0 ring mail (covering ground quickly, chance to affect: 78%)
The gnoll bouda's mind is blasted!!
You blow up the gnoll bouda!
Trog accepts your kill.
The gnoll bouda hits you from afar with a +0 halberd.
* * * LOW HITPOINT WARNING * * *
You block the gnoll bouda's attack.
The gnoll hits you from afar with a +0 trident.
* * * LOW HITPOINT WARNING * * *
Really read
r - 2 scrolls of immolation {!r}?
Really read the scroll of immolation?
As you read the scroll of immolation {!r}, it crumbles to dust.
The creatures around you are filled with an inner flame!
The wolf bites you but does no damage. The wolf barely misses you.
You furiously retaliate!
You headbutt the wolf!
Flame seeps out of the wolf.
The gnoll bouda hits you from afar with a +0 halberd.
* * * LOW HITPOINT WARNING * * *
The gnoll bouda hits you but does no damage.
The gnoll barely misses you.
You hit the gnoll bouda but do no damage.
The wolf is engulfed in blazing flames.
Flame seeps out of the wolf.
The wolf bites you!
* * * LOW HITPOINT WARNING * * *
The gnoll bouda closely misses you.
The gnoll hits you from afar with a +0 trident.
* * * LOW HITPOINT WARNING * * *
The wolf is engulfed in blazing flames.
Trog accepts your kill.
The wolf explodes!
The fiery explosion engulfs the gnoll bouda!
Flame seeps out of the gnoll bouda.
The fiery explosion engulfs you. You resist.
* * * LOW HITPOINT WARNING * * *
The fiery explosion engulfs the gnoll bouda!
Flame seeps out of the gnoll bouda.
The fiery explosion engulfs the gnoll!!
Trog accepts your kill.
The gnoll explodes!
The fiery explosion engulfs the gnoll bouda!!
Trog accepts your kill.
The fiery explosion engulfs the gnoll!!
Trog accepts your kill.
The fiery explosion engulfs the gnoll bouda!
Trog accepts your kill.
The fiery explosion engulfs the gnoll!
Flame seeps out of the gnoll.
The gnoll bouda explodes!
The fiery explosion engulfs you. You resist.
You die...

...............
######'''######
#.).# #...#
#..(# ##'##
##.).##
##.))).##
#§@§§...#
#)○§8$..#
#§§§§...#
##§g§..##
##...## ##'##
.. ..'


You could see a gnoll (inner flame, swift).

Vanquished Creatures
  Pikel (D:6)
  A hornet (D:7)
  Eustachio (D:6)
  A black bear (D:4)
  An ice beast (D:5)
  An orc warrior (D:6)
  An ogre (D:4)
  2 centaurs
  A wolf (Bailey)
  A phantom (D:5)
  2 gnoll sergeants (Bailey)
  A scorpion (D:5)
  A howler monkey (D:5)
  3 orc priests
  4 gnoll boudas (Bailey)
  4 hounds
  4 iguanas
  3 orc wizards
  27 gnolls
  4 adders
  5 ufetubi
  A worm (D:4)
  4 dart slugs
  8 orcs
  8 bats
  7 endoplasms
  5 giant cockroaches
  10 goblins
  10 hobgoblins
  2 jackals (D:5)
  3 quokkas
  8 ball pythons
  3 frilled lizards
  3 kobolds
  5 rats
  A bush (D:4)
147 creatures vanquished.

Vanquished Creatures (collateral kills)
  A hound (D:6)
1 creature vanquished.

Vanquished Creatures (others)
  A gnoll (D:6)
  7 plants
8 creatures vanquished.

Grand Total: 156 creatures vanquished

Notes
Turn   | Place    | Note
-------+----------+-------------------------------------------
     0 | D:1      | Pooter the Minotaur Berserker began the quest for the Orb.
     0 | D:1      | Reached XP level 1. HP: 19/19 MP: 0/0
   110 | D:1      | Reached skill level 4 in Axes
   164 | D:1      | Reached XP level 2. HP: 27/27 MP: 1/1
   664 | D:1      | Reached ** piety under Trog
   842 | D:2      | Reached XP level 3. HP: 33/33 MP: 2/2
   846 | D:2      | Reached skill level 5 in Axes
   849 | D:2      | Reached XP level 4. HP: 41/41 MP: 3/3
  1650 | D:3      | Reached skill level 6 in Axes
  2228 | D:3      | Found a sacrificial altar of Ru.
  2306 | D:4      | Reached XP level 5. HP: 47/47 MP: 4/4
  2316 | D:4      | Reached skill level 5 in Fighting
  2392 | D:4      | Noticed an ogre
  2399 | D:4      | Reached *** piety under Trog
  2402 | D:4      | Killed an ogre
  2405 | D:4      | Reached skill level 7 in Axes
  2406 | D:4      | Reached XP level 6. HP: 50/56 MP: 5/5
  2723 | D:4      | Reached skill level 1 in Ranged Weapons
  3024 | D:4      | Found a snail-covered altar of Cheibriados.
  3345 | D:5      | Entered Level 5 of the Dungeon
  3452 | D:5      | Found a basalt altar of Yredelemnul.
  3456 | D:5      | Reached skill level 8 in Axes
  3456 | D:5      | Reached XP level 7. HP: 47/63 MP: 6/6
  3895 | D:5      | Reached skill level 1 in Evocations
  4211 | D:5      | Reached skill level 9 in Axes
  4295 | D:6      | Reached XP level 8. HP: 20/71 MP: 7/7
  4455 | D:6      | Found a staircase to the Ecumenical Temple.
  4461 | D:6      | Noticed Eustachio
  4483 | D:6      | Killed Eustachio
  4856 | D:6      | Identified the +2 pair of boots "Voham" {rF+}
  4904 | D:6      | Noticed Pikel
  4923 | D:6      | Killed Pikel
  4924 | D:6      | Reached skill level 10 in Axes
  5235 | D:7      | Reached XP level 9. HP: 81/81 MP: 8/8
  5267 | D:7      | Paralysed by a hornet for 3 turns
  5296 | D:7      | Found a sparkling altar of Nemelex Xobeh.
  5312 | D:7      | Found a flagged portal.
  5328 | Bailey   | Entered a bailey
  5531 | Bailey   | Reached skill level 11 in Axes
  5531 | Bailey   | Reached skill level 5 in Ranged Weapons
  5558 | Bailey   | HP: 4/81 [spore (4)]
  5558 | Bailey   | Killed by an exploding gnoll bouda... ignited by their
                  | inner flame

Illustrated notes

Levels and vault maps discovered:
D:1:      beargit_arrival_greenhouse, layout_loops_ring, minmay_pentomino_x4
D:2:      layout_basic, grunt_ministairs_6
D:3:      layout_basic, nicolae_ru_path_of_blood
D:4:      layout_rooms, kennysheep_slug_shrine, serial_forest,
          infiniplex_forest_straight_4, infiniplex_forest_lined_room_3,
          infiniplex_forest_end_2, infiniplex_forest_clump_curved,
          infiniplex_forest_lined_2, infiniplex_forest_lined_2,
          infiniplex_forest_end_2, infiniplex_forest_lined_ring,
          minmay_pentangle
D:5:      layout_loops_ring, lemuel_tele_altar
D:6:      layout_cave_pools, minmay_temple_entry_mist, uniq_pikel,
          uniq_eustachio
D:7:      layout_loops_corners, nemelex_diamond_rough_becter, enter_bailey_2,
          serial_bayou_pond_b, uniq_maggie
Bailey:   bailey_polearm_gnolls_kennysheep, bailey

Skill      XL: |  1  2  3  4  5  6  7  8  9 |
---------------+----------------------------+-----
Axes           | 4 5 6 7 8 9 10 11 | 11.1
Fighting       | 4 5 6 7 8 |  8.3
Ranged Weapons | 1 3 4 5 |  5.1
Evocations     | 1 3 |  3.6
Armour         | |  2.4
Dodging        | |  2.1

Action                   |  1- 3 |  4- 6 |  7- 9 || total
-------------------------+-------+-------+-------++-------
Melee: Hand axe          |    53 |       |       ||    53
       Headbutt          |     7 |    27 |    22 ||    56
       Trident           |       |   158 |    34 ||   192
       Halberd           |       |    21 |    67 ||    88
       Punch             |       |     6 |       ||     6
 Fire: Sling             |       |    20 |       ||    20
       Shortbow          |       |       |    38 ||    38
Throw: Stone             |     4 |       |       ||     4
       Dart              |       |       |     2 ||     2
Invok: Berserk           |     1 |     4 |    11 ||    16
       Trog's Hand       |       |     1 |     7 ||     8
Evoke: Wand              |       |       |     7 ||     7
  Use: Scroll            |     2 |     2 |     5 ||     9
 Stab: Betrayed ally     |       |       |     1 ||     1
Armor: Animal skin       |     5 |       |       ||     5
       Chain mail        |    14 |    85 |    80 ||   179
Dodge: Dodged            |    33 |    74 |    82 ||   189
Block: Other             |       |    14 |    45 ||    59
       Reflection        |       |       |     5 ||     5

Table legend: (Time is in decaauts)
 A = Elapsed time spent in this place.
 B = Non-inter-level travel time spent in this place.
 C = Inter-level travel time spent in this place.
 D = Time resting spent in this place.
 E = Time spent auto-exploring this place.
 F = Levels seen in this place.
 G = Mean time per level.
                   A        B        C        D        E       F      G
               +--------+--------+--------+--------+--------+-----+--------+
         Total |   5802 |   5651 |    151 |   1347 |   3097 |   8 |  725.2 |
       Dungeon |   5540 |   5389 |    151 |   1167 |   3088 |   7 |  791.4 |
        Bailey |    261 |    261 |      0 |    179 |      9 |   1 |  261.0 |
               +--------+--------+--------+--------+--------+-----+--------+

Top non-repeatable levels by time:
     D:5: 1110 daAuts
     D:4: 1090 daAuts
     D:3: 967 daAuts
     D:6: 813 daAuts
     D:1: 806 daAuts
     D:2: 574 daAuts
  Bailey: 261 daAuts
     D:7: 178 daAuts
